 Dungeon Crawl Stone Soup version 0.21-a0-538-gd16b88a (webtiles) character file.

42 slep the Chopper (level 3, -2/18 HPs)
             Began as a Vine Stalker Gladiator on Dec 16, 2017.
             Killed from afar by Robin (7 damage)
             ... with a wand of flame (32)
             ... on level 2 of the Dungeon.
             The game lasted 00:02:37 (766 turns).

slep the Chopper (Vine Stalker Gladiator)            Turns: 766, Time: 00:02:38

Health: -2/18      AC:  5    Str: 16    XL:     3   Next: 54%
Magic:  0/4        EV: 13    Int:  8    God:
Gold:   98         SH:  0    Dex: 16    Spells: 2/2 levels left

rFire    . . .     SeeInvis .   a - +0 war axe
rCold    . . .     Gourm    .   (no shield)
rNeg     . . .     Faith    .   b - +0 leather armour
rPois    .         Spirit   +   j - +2 hat
rElec    .         Reflect  .   (no cloak)
rCorr    .         Harm     .   (no gloves)
MR       .....                  (no boots)
Stlth    +.........             (no amulet)
HPRegen  0.06/turn              (no ring)
MPRegen  0.09/turn              (no ring)

@: no status effects
A: fangs 2, magic shield, antimagic bite, no potion heal 3, rot immunity
a: no special abilities


You were on level 2 of the Dungeon.
You were not hungry.

You visited 1 branch of the dungeon, and saw 2 of its levels.

You collected 98 gold pieces.

Inventory:

Hand Weapons
 a - a +0 war axe (weapon)
Missiles
 d - 3 throwing nets (quivered)
 n - 46 sling bullets
Armour
 b - a +0 leather armour (worn)
 c - a +0 helmet
 j - a +2 hat (worn)
Jewellery
 o - an uncursed ring of see invisible {unknown}
 q - a +5 ring of protection {unknown}
Scrolls
 h - a scroll of teleportation {unknown}
 i - 2 scrolls of magic mapping {unknown}
 k - a scroll of identify {unknown}
 m - a scroll of remove curse {unknown}
Potions
 e - a potion of degeneration {unknown}
 l - a potion of curing {unknown}
Comestibles
 f - 2 bread rations
 g - a royal jelly
 p - a meat ration


   Skills:
 + Level 2.1 Fighting
 + Level 3.5 Axes
 + Level 1.8 Throwing
 + Level 0.1 Armour
 + Level 2.7 Dodging


You had 2 spell levels left.
You didn't know any spells.

Dungeon Overview and Level Annotations

Branches:
Dungeon (2/15)

Altars:

Annotations:
D:2 Robin


Innate Abilities, Weirdness & Mutations

You have extremely sharp teeth.
When hurt, damage is shared between your health and your magic reserves.
Your bite disrupts and absorbs the magic of your enemies.
Potions cannot restore your health.
You are immune to rotting.


Message History

The hobgoblin hits you but does no damage.
You slash the hobgoblin!
You kill the hobgoblin!
You slash the goblin!
You kill the goblin!
You hit the kobold but do no damage. You hit the hobgoblin.
You kill the hobgoblin!
You slash the hobgoblin!
You kill the hobgoblin!
The kobold hits you but does no damage.
Robin zaps a wand.
The puff of flame hits you!
It is a wand of flame (32).
You closely miss the goblin. Your bite misses the goblin. You hit the kobold.
The kobold hits you but does no damage. Robin throws the goblin at you!
The goblin hits you.
* * * LOW HITPOINT WARNING * * *
The kobold hits you but does no damage.
You closely miss the goblin. You hit the kobold.
You kill the kobold!
Robin zaps a wand.
The puff of flame hits you!
You die...

...........#'#........#.##.##+#..
...............###....#..#.......
......................##.#)......
......#.......#..........#.......
..............#>.........#.......
..............#.........##.......
....#.........# ####.....#.......
...........########...........###
......†)@g...........>###
......g)))..........(....
.........................
........###............(.
........# #...........+##
....................).#
......##..............# ......
..........#...# ........#...#


You could see Robin and a goblin.

Vanquished Creatures
  A worm (D:2)
  A dart slug (D:2)
  12 goblins
  5 hobgoblins
  6 kobolds
  A quokka (D:2)
  3 bats
  A frilled lizard (D:2)
  2 rats (D:1)
32 creatures vanquished.

Notes
Turn   | Place    | Note
-------+----------+-------------------------------------------
     0 | D:1      | slep the Vine Stalker Gladiator began the quest for the Orb.
     0 | D:1      | Reached XP level 1. HP: 11/11 MP: 2/2
    78 | D:1      | Reached XP level 2. HP: 15/15 MP: 3/3
   650 | D:2      | Reached skill level 3 in Axes
   705 | D:2      | Reached XP level 3. HP: 13/18 MP: 4/4
   754 | D:2      | Noticed Robin
   766 | D:2      | Killed from afar by Robin

Vault maps used:
D:1:      matt_arrival_grand_opening, kennysheep_another_room, bh_walls_and_bars
D:2:      minivault_11, uniq_robin

Skill      XL: |  1  2 |
---------------+-------+-----
Fighting       | 2 |  2.1
Axes           | 3 |  3.5
Throwing       | |  1.8
Armour         | |  0.1
Dodging        | |  2.7

Action                   || total
-------------------------++-------
Melee: War axe           ||    55
       Bite              ||     9
Armor: Leather armour    ||    22
Dodge: Dodged            ||    52

Table legend:
 A = Spawn XP
 B = Non-spawn XP
 C = Spawn XP percentage of total XP
 D = Spawn monster count
 E = Non-spawn monster count
 F = Spawn count percentage of total count
 G = Total turns spent on level
                    A         B        C        D         E        F      G
               +---------+---------+-------+---------+---------+-------+---------
         Total |       0 |      60 |   0.0 |       0 |      32 |   0.0 |   766
               +---------+---------+-------+---------+---------+-------+---------
           D:1 |       0 |      17 |   0.0 |       0 |      11 |   0.0 |   581
           D:2 |       0 |      43 |   0.0 |       0 |      21 |   0.0 |   185
               +---------+---------+-------+---------+---------+-------+---------
